Map: Acropolis LE

Players

MaulerX - Winner!

  • Race: Protoss Protoss
  • League: Diamond
  • Spawn Location: 11:00

A.I. 1 (Very Easy)

  • Race: Terran Terran
  • Spawn Location: 5:00

VOD

Have the link to the VOD?

Description

Time

  • Played on: July 7, 2019, 3:28 p.m.
  • Length: 9:12
Show
View Real Time Build Order
Export as new Build Order

MaulerX Protoss - Winner!

Build Orders: 1 Gate Expand, Blink Stalkers 

Get SALT Encoding   

  12  0:01  Probe  
  13  0:13  Probe  
  14  0:17  Pylon  
  14  0:25  Probe  
  15  0:35  Probe  
  15  0:37  Gateway  
  16  0:44  Probe  
  17  0:52  Assimilator  
  17  0:53  Probe  
  18  1:02  Probe  
  18  1:10  Probe  
  20  1:19  Probe  
  21  1:28  Pylon  
  21  1:31  Probe  
  22  1:43  Nexus  
  22  1:47  Probe  
  23  1:54  Cybernetics Core  
  23  2:00  Assimilator  
  23  2:02  Probe  
  24  2:14  Probe  
  25  2:21  Warp Gate  
  25  2:30  Robotics Facility  
  25  2:36  Probe  
  26  2:38  Twilight Council  
  26  2:41  Pylon  
  26  2:47  Adept  
  26  2:48  Probe  
  29  2:58  Probe  
  30  3:00  Probe  
  31  3:09  Shield Battery  
  31  3:10  Probe  
  31  3:12  Probe  
  33  3:14  Blink  
  33  3:21  Probe x2  
  33  3:23  Observer  
  36  3:29  Probe x2  
  36  3:33  Stalker  
  40  3:38  Gateway  
  40  3:41  Probe  
  40  3:42  Probe  
  42  3:49  Observer  
  42  3:50  Observer  
  43  3:57  Gateway, Probe  
  43  3:58  Probe  
  45  4:19  Observer  
  45  4:20  Stalker  
  45  4:21  Probe x2  
  45  4:23  Assimilator  
  50  4:25  Assimilator  
  50  4:32  Nexus  
  50  4:33  Probe x2  
  50  4:34  Pylon, Stalker  
  54  4:42  Gateway  
  54  4:43  Forge  
  54  4:46  Pylon  
  54  4:52  Probe  
  56  4:53  Observer  
  56  5:07  Probe  
  56  5:09  Stalker x2  
  62  5:14  Observer  
  62  5:21  Gateway  
  62  5:23  Gateway  
  62  5:24  Charge  
  62  5:37  Protoss Ground Weapons Level 1, Probe x2  
  64  5:44  Forge  
  64  5:47  Stalker x4  
  72  5:51  Probe x2  
  72  5:52  Probe  
  72  5:53  Immortal  
  79  5:59  Probe  
  79  6:00  Probe  
  81  6:17  Zealot x2  
  85  6:21  Pylon  
  85  6:22  Protoss Ground Armor Level 1  
  85  6:29  Templar Archives  
  85  6:31  Pylon  
  85  6:32  Pylon  
  85  6:39  Immortal  
  89  6:40  Pylon  
  89  6:45  Pylon  
  89  6:47  Assimilator  
  89  6:50  Assimilator  
  89  6:51  Shield Battery  
  89  6:52  Shield Battery  
  89  6:54  Shield Battery  
  89  6:56  Shield Battery x2, Probe x2  
  89  6:57  Shield Battery, Probe  
  89  7:00  Pylon, Psionic Storm  
  92  7:04  Probe x2  
  94  7:16  High Templar  
  94  7:17  High Templar  
  98  7:25  Probe x2  
  98  7:26  Probe  
  101  7:44  Zealot x2  
  101  7:45  Zealot x2  
  109  7:53  Gateway  
  109  7:54  Gateway  
  109  7:58  Pylon  
  107  8:32  Zealot x6  
Show
View Real Time Build Order
Export as new Build Order

A.I. 1 (Very Easy) Terran 

Build Orders: Reaper Expand 

Get SALT Encoding   

  12  0:00  SCV  
  13  0:13  SCV  
  14  0:17  Supply Depot  
  14  0:42  Barracks  
  14  1:02  Command Center  
  14  1:30  Orbital Command  
  14  1:31  Supply Depot  
  14  1:32  Marine  
  15  1:38  Refinery  
  15  1:49  Refinery  
  15  1:56  SCV  
  16  2:08  SCV  
  16  2:14  SCV  
  18  2:17  Reaper  
  18  2:21  SCV  
  20  2:29  SCV  
  21  2:36  SCV  
  22  2:43  SCV  
  23  2:50  SCV  
  24  2:57  SCV  
  24  2:58  Refinery  
  25  3:01  Marine  
  25  3:04  SCV  
  27  3:11  SCV  
  28  3:15  Factory  
  28  3:19  SCV  
  29  3:39  Refinery  
  29  3:41  SCV  
  29  3:45  Marine  
  31  3:49  SCV  
  31  3:53  Supply Depot  
  32  3:56  SCV  
  32  4:01  Starport  
  33  4:03  SCV  
  34  4:10  SCV  
  35  4:17  SCV  
  36  4:24  SCV  
  36  4:30  Marine  
  38  4:32  SCV  
  38  4:35  Supply Depot  
  39  4:39  SCV  
  39  4:40  Starport Tech Lab  
  40  4:46  SCV  
  41  4:53  SCV  
  41  4:59  Raven  
  44  5:00  SCV  
  45  5:07  SCV  
  46  5:14  Marine  
  46  5:15  SCV  
  48  5:28  SCV  
  48  5:42  Raven  
  50  5:59  Reaper  
  51  6:30  SCV  
  51  6:32  Barracks Tech Lab  
  51  6:50  Marauder  
  53  7:13  SCV  
  52  7:59  SCV  
  52  8:05  Reaper  
  45  8:14  Supply Depot  
  45  8:15  SCV  
  37  8:29  SCV  
  25  8:34  Hellion  
  25  8:41  SCV  
  25  8:49  Supply Depot  
  25  8:54  SCV  
Tags
 
Add a new tag
Caveats
  • Supply blocks, unpowered buildings, or Contaminate may cause inaccurate times.
  • Supply counts are checked every 10 seconds.